 Dungeon Crawl Stone Soup version 0.26-a0-651-gb41185065b (webtiles) character file.

Game seed: 9442009264748952809

14 Azzok the Stinger (level 2, 0/19 HPs)
             Began as a Demonspawn Venom Mage on Oct 17, 2020.
             Succumbed to an adder's poison
             ... on level 2 of the Dungeon.
             The game lasted 00:01:23 (1276 turns).

Azzok the Stinger (Demonspawn Venom Mage)           Turns: 1276, Time: 00:01:23

Health: 0/19       AC:  2    Str:  8    XL:     2   Next: 31%
Magic:  1/5        EV: 12    Int: 16    God:
Gold:   76         SH:  0    Dex: 13    Spells: 5/6 levels left

rFire    . . .     SeeInvis .   (no weapon)
rCold    . . .     Faith    .   (no shield)
rNeg     . . .     Spirit   +   a - +0 robe
rPois    .         Reflect  .   (no helmet)
rElec    .         Harm     .   (no cloak)
rCorr    .         Rampage  .   (no gloves)
MR       .....                  (no boots)
Stlth    ++........             (no amulet)
HPRegen  0.06/turn              (no ring)
MPRegen  0.09/turn              (no ring)

@: lethally poisoned (0 -> -10)
A: magic shield
a: no special abilities


You were on level 2 of the Dungeon.
You visited 1 branch of the dungeon, and saw 2 of its levels.

You collected 76 gold pieces.

Inventory:

Armour
 a - a +0 robe (worn)
Jewellery
 d - an uncursed ring of protection from fire {unknown}
 i - an uncursed ring of see invisible {unknown}
Scrolls
 b - 3 scrolls of teleportation {unknown}
 g - a scroll of magic mapping {unknown}
 h - a scroll of fear {unknown}
Potions
 c - 2 potions of lignification {unknown}
 e - a potion of invisibility {unknown}
 f - a potion of magic {unknown}


   Skills:
 - Level 1.7 Dodging
 - Level 1.7 Stealth
 + Level 2.9 Spellcasting
 - Level 0.8 Transmutations
 - Level 3.0 Poison Magic


You had 5 spell levels left.
You knew the following spells:

 Your Spells              Type           Power        Failure   Level
a - Sting                 Tmut/Pois      #...         9%          1

Your spell library contained the following spells:

 Spells                   Type           Power        Failure   Level
 Poisonous Vapours        Pois/Air       #.....       16%         2
 Ignite Poison            Fire/Tmut/Pois #.......     32%         3
 Mephitic Cloud           Conj/Pois/Air  #.......     36%         3
 Olgreb's Toxic Radiance  Pois           ##......     50%         4


Dungeon Overview and Level Annotations

Branches:
Dungeon (2/15)

Altars:


Innate Abilities, Weirdness & Mutations

When hurt, damage is shared between your health and your magic reserves.


Message History

Casting: Sting (safe; 9% risk of failure)
Confirm with . or Enter, or press ? or * to list all spells.
Aiming: Sting (safe; 9% risk of failure)
Press: ? - help, Shift-Dir - straight line, f/p - adder
Aim: an adder (heavily wounded)
The sting misses the adder.
* * * LOW MAGIC WARNING * * *
The adder barely misses you. The adder bites you but does no damage.
* * * LOW HITPOINT WARNING * * *
You feel sick.
* * * LOW HITPOINT WARNING * * *
You feel sick.
* * * LOW HITPOINT WARNING * * *
You feel sick. The adder bites you.
* * * LOW HITPOINT WARNING * * *
You are more poisoned.
The adder poisons you!
* * * LOW HITPOINT WARNING * * *
You feel sick.
You die...

▒·▒ ▒·▒ ▒·▒ ▒·▒ ▒·▒
▒<▒ ▒·▒ ▒·▒
▒▒▒▒▒▒@▒▒▒▒▒▒▒▒▒▒▒▒
▒···>···Sg······▒·▒
▒··········▒······▒
▒········†▒·▒···▒·▒
▒▒▒▒▒▒▒··▒·_·▒(·▒·▒
▒▒··▒·▒···▒·▒
▒···▒····▒·▒
▒········▒)▒
▒▒▒▒▒▒▒··▒·▒▒▒▒


You could see an adder and a goblin.

Vanquished Creatures
  A dart slug (D:1)
  5 bats
  2 hobgoblins (D:1)
  2 frilled lizards (D:1)
  A kobold (D:1)
  4 rats
15 creatures vanquished.

Notes
Turn   | Place    | Note
-------+----------+-------------------------------------------
     0 | D:1      | Azzok the Demonspawn Venom Mage began the quest for the
                  | Orb.
     0 | D:1      | Reached XP level 1. HP: 13/13 MP: 3/3
   229 | D:1      | Gained mutation: When hurt, damage is shared between your
                  | health and your magic reserves. [demonic ancestry]
   229 | D:1      | Reached XP level 2. HP: 11/19 MP: 0/5
  1223 | D:2      | Found a faded altar of an unknown god.
  1276 | D:2      | Succumbed to an adder's poison

Illustrated notes

Levels and vault maps discovered:
D:1:      minmay_arrival_loop, layout_loops_cross, serial_forest,
          infiniplex_forest_corner_1, infiniplex_forest_clump_tiny,
          infiniplex_forest_end_1, infiniplex_forest_zigzag_1,
          infiniplex_forest_lined_2, infiniplex_forest_clump_double,
          chequers_serial_rivers_small_3, chequers_mini_garden
D:2:      layout_rooms, lemuel_crystal_altar,
          chequers_ecumenical_altar_simple_redux

Action                   || total
-------------------------++-------
 Cast: Sting             ||    28
Armor: Robe              ||     6
Dodge: Dodged            ||    24

Table legend: (Time is in decaauts)
 A = Elapsed time spent in this place.
 B = Non-inter-level travel time spent in this place.
 C = Inter-level travel time spent in this place.
 D = Time resting spent in this place.
 E = Time spent auto-exploring this place.
 F = Levels seen in this place.
 G = Mean time per level.
                   A        B        C        D        E       F      G
               +--------+--------+--------+--------+--------+-----+--------+
         Total |   1277 |   1249 |     28 |    155 |    953 |   2 |  638.5 |
       Dungeon |   1277 |   1249 |     28 |    155 |    953 |   2 |  638.5 |
               +--------+--------+--------+--------+--------+-----+--------+

Top non-repeatable levels by time:
     D:1: 1221 daAuts
     D:2: 55 daAuts
